 Dungeon Crawl Stone Soup version 0.30-a0-122-g2a1322497e (webtiles) character file.

Game seed: 14063183443621185519

4 Engwar the Caller (level 1, 0/7 HPs)
             Began as a Felid Summoner on Sept 15, 2022.
             Constricted to death by a ball python (1 damage)
             ... on level 1 of the Dungeon.
             The game lasted 00:01:04 (183 turns).

Engwar the Caller (Felid Summoner)                   Turns: 183, Time: 00:01:04

Health: 0/7        AC:  1    Str:  4    XL:     1   Next: 50%
Magic:  2/4        EV: 14    Int: 16    God:
Gold:   32         SH:  0    Dex: 16    Spells: 3/4 levels left
                                        Lives:  0   Deaths: 0

rFire   . . .      SeeInvis +    (weapon unavailable)
rCold   . . .      Faith    .    (shield unavailable)
rNeg    . . .      Spirit   .    (body armour unavailable)
rPois   .          Reflect  .    (helmet unavailable)
rElec   .          Harm     .    (cloak unavailable)
rCorr   .          Rampage  .    (gloves unavailable)
Will    .....                    (boots unavailable)
Stlth   ++........               (no amulet)
HPRegen 0.02/turn                (no ring)
MPRegen 0.09/turn                (no ring)

@: constricted, quick
A: very small, claws 1, fangs 3, see invisible, speed 1, shaggy fur 1, stealthy
paws, no weapons or thrown items, no armour, multi-lived
a: no special abilities


You were on level 1 of the Dungeon.
You visited 1 branch of the dungeon, and saw 1 of its levels.

You collected 32 gold pieces.

Inventory:

Scrolls
 b - a scroll of identify {unknown}
Potions
 a - a potion of magic
 c - a potion of resistance {unknown}
 d - a potion of lignification {unknown}


   Skills:
 - Level 2.6 Dodging
 - Level 2.6 Stealth
 + Level 2.1 Spellcasting
 + Level 4.1 Summonings


You had 3 spell levels left.
You knew the following spells:

 Your Spells              Type           Power      Damage    Failure   Level
a - Summon Small Mammal   Summ           56%        N/A       3%          1

Your spell library contained the following spells:

 Spells                   Type           Power      Damage    Failure   Level
 Call Imp                 Summ           14%        N/A       6%          2
 Call Canine Familiar     Summ           14%        N/A       12%         3
 Summon Guardian Golem    Hex/Summ       8%         N/A       26%         3
 Summon Lightning Spire   Summ/Air       8%         N/A       65%         4


Dungeon Overview and Level Annotations

Branches:
Dungeon (1/15)

Altars:


Innate Abilities, Weirdness & Mutations

You have sharp claws.
You have razor-sharp teeth.
You have supernaturally acute eyesight. (SInv)
You cover ground quickly. (Speed+)
You are covered in fur. (AC +1)
Your paws help you pounce on unaware monsters.
You are incapable of wielding weapons or throwing items.
You cannot wear armour.
You gain extra lives every three experience levels.


Message History

No target in view!
No target in view!
No target in view!
No target in view!
No target in view!
You now have 5 gold pieces.
You now have 16 gold pieces (gained 11).
There is a fountain of sparkling water here.
You now have 27 gold pieces (gained 11).
There is a fountain of sparkling water here.
You now have 32 gold pieces (gained 5).
A ball python and a rat come into view.
There are monsters nearby!
There are monsters nearby!
The ball python hisses angrily.
Your bat hits the ball python.
A frilled lizard comes into view.
Your bat hits the ball python.
The ball python completely misses your bat. x2
You swap places.
A jackal and an endoplasm come into view.
The ball python closely misses you. x2
You closely miss the ball python.
The ball python is severely wounded.
The ball python closely misses you. The ball python grabs you.
The ball python constricts you.
Your quokka closely misses the rat.
You barely miss the ball python. Your bite misses the ball python.
The ball python is severely wounded.
The ball python closely misses you. The ball python constricts you.
Your quokka barely misses the rat.
The rat closely misses your bat.
You scratch the ball python but do no damage.
The ball python is severely wounded.
The ball python misses you. The ball python constricts you.
Your quokka barely misses the rat.
The rat bites your bat.
You closely miss the ball python.
The ball python is severely wounded.
The ball python bites you.
* * * LOW HITPOINT WARNING * * *
The ball python constricts you.
You die...

####.####...####.
................. .#
...........#..# .#
........⌠.....#### .l###
...#.#...........##....#
.#..........#.....?....#
##.#.#####..#.....r....#
...#........#....br.....
####.##########.@#.....
..# hJ....?.S...... ###
######.#.......
#.#$...... #.+.......
###....... .....##
.....#


You could see an endoplasm (asleep), a jackal (asleep), a ball python (ally
target), a frilled lizard (asleep), a rat (ally target), a friendly quokka
(summoned) and a friendly bat (summoned).

Vanquished Creatures
  A dart slug (D:1)
  A bat (D:1)
  A rat (D:1)
3 creatures vanquished.

Notes
Turn   | Place    | Note
-------+----------+-------------------------------------------
     0 | D:1      | Engwar the Felid Summoner began the quest for the Orb.
     0 | D:1      | Reached XP level 1. HP: 7/7 MP: 4/4
   183 | D:1      | Constricted to death by a ball python

Illustrated notes

Levels and vault maps discovered:
D:1:      elethiomel_arrival_shortcut, layout_basic, basic_ecumenical_altar,
          st_stairs_8, dreamdust_wishing_well, fountainhead, minmay_tetromino_o4

Action                   || total
-------------------------++-------
Melee: Unarmed           ||    13
 Cast: Summon Small Mamm ||     7
Dodge: Dodged            ||    20

Table legend: (Time is in decaauts)
 A = Elapsed time spent in this place.
 B = Non-inter-level travel time spent in this place.
 C = Inter-level travel time spent in this place.
 D = Time resting spent in this place.
 E = Time spent auto-exploring this place.
 F = Levels seen in this place.
 G = Mean time per level.
                   A        B        C        D        E       F      G
               +--------+--------+--------+--------+--------+-----+--------+
         Total |    159 |    159 |      0 |     30 |     75 |   1 |  159.0 |
       Dungeon |    159 |    159 |      0 |     30 |     75 |   1 |  159.0 |
               +--------+--------+--------+--------+--------+-----+--------+

Top non-repeatable levels by time:
     D:1: 159 daAuts
